A - U25
HICKORY CRAWDADS @ CHARLESTON RIVERDOGS
08/28/2052
 
TOP OF THE 1ST
Hickory Crawdads batting - Pitching for Augusta GreenJackets : RHP Paul Mills
Pitching: RHP Paul Mills
Batting: RHB Chris Freund 0-0: Foul Ball, location: 2F
0-1: Swinging Strike
0-2: Ball
1-2: Strikes out swinging
Batting: RHB Nate Wagner 0-0: Fly out, F7 (Flyball, 7D, EV 95.6 MPH)
Batting: RHB Bill Bauer 0-0: Swinging Strike
0-1: Called Strike
0-2: Ball
1-2: Ball
2-2: Ball
3-2: Strikes out swinging
Top of the 1st over - 0 runs, 0 hits, 0 errors, 0 left on base; Hickory 0 - Augusta 0
BOTTOM OF THE 1ST
Augusta GreenJackets batting - Pitching for Hickory Crawdads : RHP Jacob Donley
Pitching: RHP Jacob Donley
Batting: RHB Curt Montez 0-0: Ball
1-0: Ball
2-0: Swinging Strike
2-1: Called Strike
2-2: Strikes out swinging
Batting: RHB Ginjiro Nishimoto 0-0: Foul Ball, location: 2F
0-1: Ground out 5-3 (Groundball, 56, EV 84.4 MPH)
Batting: RHB Keith Lane 0-0: Ball
1-0: Foul Ball, location: 2F
1-1: Swinging Strike
1-2: Ball
2-2: Ball
3-2: Strikes out swinging
Bottom of the 1st over - 0 runs, 0 hits, 0 errors, 0 left on base; Hickory 0 - Augusta 0
TOP OF THE 2ND
Hickory Crawdads batting - Pitching for Augusta GreenJackets : RHP Paul Mills
Batting: LHB Chris Wires 0-0: Called Strike
0-1: Ball
1-1: Foul Ball, location: 2F
1-2: Ball
2-2: Strikes out swinging
Batting: RHB Andres Ortiz 0-0: Ball
1-0: Ball
2-0: Called Strike
2-1: Foul Ball, location: 2F
2-2: Fly out, F4 (Popup, 3D, EV 53.1 MPH)
Batting: RHB Jose Villanueva 0-0: Called Strike
0-1: Fly out, F9 (Flyball, 9D, EV 102.5 MPH)
Top of the 2nd over - 0 runs, 0 hits, 0 errors, 0 left on base; Hickory 0 - Augusta 0
BOTTOM OF THE 2ND
Augusta GreenJackets batting - Pitching for Hickory Crawdads : RHP Jacob Donley
Batting: LHB Huck Fitzgerald 0-0: Ball
1-0: Ball
2-0: Called Strike
2-1: Foul Ball, location: 2F
2-2: Strikes out swinging
Batting: RHB Antoine Ailes 0-0: Ball
1-0: Ball
2-0: Called Strike
2-1: Ball
3-1: Called Strike
3-2: Base on Balls
Batting: RHB Jeff Luigs 0-0: Called Strike
0-1: Ball
1-1: Called Strike
1-2: Ball
2-2: Ball
3-2: Foul Ball, location: 2F
3-2: Strikes out looking
Antoine Ailes steals 2nd base (no throw)
Batter strikes out.
Batting: LHB Steve Bracken 0-0: Ground out 6-3 (Groundball, 6, EV 106.2 MPH)
Bottom of the 2nd over - 0 runs, 0 hits, 0 errors, 1 left on base; Hickory 0 - Augusta 0
TOP OF THE 3RD
Hickory Crawdads batting - Pitching for Augusta GreenJackets : RHP Paul Mills
Batting: RHB Jamie Mendes 0-0: Swinging Strike
0-1: Ball
1-1: Swinging Strike
1-2: Ball
2-2: TRIPLE (Flyball, 89XD, EV 112.5 MPH)
Batting: RHB Noah Webb 0-0: Ball
1-0: Ball
2-0: Called Strike
2-1: Ball
3-1: Base on Balls
Batting: RHB Danny Mejia 0-0: Fly out, F3 (Popup, 3SF, EV 71.2 MPH)
Batting: RHB Chris Freund 0-0: DOUBLE (Line Drive, 89D, EV 109.4 MPH)
Jamie Mendes scores
Noah Webb to third
Batting: RHB Nate Wagner 0-0: Called Strike
0-1: Foul Ball, location: 2F
0-2: Ball
1-2: Foul Ball, location: 2F
1-2: Ground out 4-3 (Groundball, 34, EV 102.5 MPH)
Noah Webb scores
Chris Freund to third
Batting: RHB Bill Bauer 0-0: Fly out, F8 (Flyball, 8LXD, EV 90.6 MPH)
Top of the 3rd over - 2 runs, 2 hits, 0 errors, 1 left on base; Hickory 2 - Augusta 0
BOTTOM OF THE 3RD
Augusta GreenJackets batting - Pitching for Hickory Crawdads : RHP Jacob Donley
Batting: LHB Crosby Cullum 0-0: Ball
1-0: Fly out, F5 (Popup, 5, EV 80.0 MPH)
Batting: RHB Tony Tovar 0-0: Ball
1-0: Ball
2-0: Foul Ball, location: 2F
2-1: Called Strike
2-2: Ball
3-2: Fly out, F7 (Flyball, 7D, EV 95.6 MPH)
Batting: RHB Curt Montez 0-0: Ball
1-0: Ball
2-0: Foul Ball, location: 2F
2-1: Ball
3-1: Called Strike
3-2: Strikes out swinging
Bottom of the 3rd over - 0 runs, 0 hits, 0 errors, 0 left on base; Hickory 2 - Augusta 0
TOP OF THE 4TH
Hickory Crawdads batting - Pitching for Augusta GreenJackets : RHP Paul Mills
Batting: LHB Chris Wires 0-0: Foul Ball, location: 2F
0-1: Called Strike
0-2: Fly out, F9 (Flyball, 9LD, EV 84.4 MPH)
Batting: RHB Andres Ortiz 0-0: Called Strike
0-1: Ball
1-1: Ball
2-1: Foul Ball, location: 2F
2-2: Foul Ball, location: 2F
2-2: Ball
3-2: Fly out, F9 (Flyball, 9, EV 83.8 MPH)
Batting: RHB Jose Villanueva 0-0: Ball
1-0: Ground out 4-3 (Groundball, 34D, EV 80.6 MPH)
Top of the 4th over - 0 runs, 0 hits, 0 errors, 0 left on base; Hickory 2 - Augusta 0
BOTTOM OF THE 4TH
Augusta GreenJackets batting - Pitching for Hickory Crawdads : RHP Jacob Donley
Batting: RHB Ginjiro Nishimoto 0-0: Ball
1-0: Foul Ball, location: 2F
1-1: Fly out, F8 (Flyball, 8RXD, EV 95.6 MPH)
Batting: RHB Keith Lane 0-0: Called Strike
0-1: Ball
1-1: Called Strike
1-2: Foul Ball, location: 2F
1-2: Foul Ball, location: 2F
1-2: Strikes out looking
Batting: LHB Huck Fitzgerald 0-0: Ball
1-0: SINGLE (Groundball, 34D, EV 95.0 MPH)
Batting: RHB Antoine Ailes 0-0: Foul Ball, location: 2F
0-1: Swinging Strike
0-2: Strikes out swinging, 2-3 out at first.
Bottom of the 4th over - 0 runs, 1 hit, 0 errors, 1 left on base; Hickory 2 - Augusta 0
TOP OF THE 5TH
Hickory Crawdads batting - Pitching for Augusta GreenJackets : RHP Paul Mills
Batting: RHB Jamie Mendes 0-0: Ball
1-0: Fly out, F7 (Flyball, 7D, EV 91.9 MPH)
Batting: RHB Noah Webb 0-0: Ball
1-0: Ball
2-0: Ball
3-0: Called Strike
3-1: Ground out 6-3 (Groundball, 6, EV 84.4 MPH)
Batting: RHB Danny Mejia 0-0: Ball
1-0: Foul Ball, location: 2F
1-1: Foul Ball, location: 2F
1-2: Ball
2-2: Strikes out swinging
Top of the 5th over - 0 runs, 0 hits, 0 errors, 0 left on base; Hickory 2 - Augusta 0
BOTTOM OF THE 5TH
Augusta GreenJackets batting - Pitching for Hickory Crawdads : RHP Jacob Donley
Batting: RHB Jeff Luigs 0-0: Ball
1-0: Called Strike
1-1: Fly out, F9 (Flyball, 89D, EV 91.9 MPH)
Batting: LHB Steve Bracken 0-0: Called Strike
0-1: Foul Ball, location: 2F
0-2: Ball
1-2: Ground out 4-3 (Groundball, 4MS, EV 84.4 MPH)
Batting: LHB Crosby Cullum 0-0: Ball
1-0: Foul Ball, location: 2F
1-1: Ball
2-1: Swinging Strike
2-2: Strikes out swinging
Bottom of the 5th over - 0 runs, 0 hits, 0 errors, 0 left on base; Hickory 2 - Augusta 0
TOP OF THE 6TH
Hickory Crawdads batting - Pitching for Augusta GreenJackets : RHP Paul Mills
Batting: RHB Chris Freund 0-0: Swinging Strike
0-1: Bunt for hit to 2L - play at first, batter safe!
Batting: RHB Nate Wagner 0-0: Sac Bunt to 23 - play at first, batter OUT! 3-4
Chris Freund to second
Batting: RHB Bill Bauer 0-0: Ball
1-0: Ball
2-0: Ground out 6-3 (Groundball, 6, EV 100.0 MPH)
Batting: LHB Chris Wires 0-0: Intentional Walk
Batting: RHB Andres Ortiz 0-0: Ball
1-0: Foul Ball, location: 2F
1-1: Called Strike
1-2: Strikes out swinging
Top of the 6th over - 0 runs, 1 hit, 0 errors, 2 left on base; Hickory 2 - Augusta 0
BOTTOM OF THE 6TH
Augusta GreenJackets batting - Pitching for Hickory Crawdads : RHP Jacob Donley
Batting: RHB Tony Tovar 0-0: Ball
1-0: Fly out, F9 (Flyball, 89D, EV 95.6 MPH)
Batting: RHB Curt Montez 0-0: Ball
1-0: Foul Ball, location: 2F
1-1: Swinging Strike
1-2: Ball
2-2: DOUBLE (Line Drive, 7LM, EV 101.9 MPH)
Batting: RHB Ginjiro Nishimoto 0-0: Ball
1-0: Ball
2-0: Ball
3-0: Base on Balls
Batting: RHB Keith Lane 0-0: Ball
1-0: Called Strike
1-1: SINGLE (Groundball, 3D, EV 96.2 MPH)
Curt Montez to third
Ginjiro Nishimoto to second
Batting: LHB Huck Fitzgerald 0-0: Swinging Strike
0-1: Ball
1-1: Fly out, F8 (Flyball, 8RS, EV 88.1 MPH)
Batting: RHB Antoine Ailes 0-0: SINGLE (Groundball, 34D, EV 106.2 MPH)
Curt Montez scores
Ginjiro Nishimoto to third
Keith Lane to second
Runner from 3rd tries for Home, SAFE, throw by RF to home
Pitching: RHP Mack Lewis
Batting: RHB Jeff Luigs 0-0: Called Strike
0-1: Swinging Strike
0-2: Foul Ball, location: 2F
0-2: Fly out, F8 (Flyball, 8LD, EV 82.5 MPH)
Bottom of the 6th over - 2 runs, 3 hits, 0 errors, 2 left on base; Hickory 2 - Augusta 2
TOP OF THE 7TH
Hickory Crawdads batting - Pitching for Augusta GreenJackets : RHP Paul Mills
Batting: RHB Jose Villanueva 0-0: Called Strike
0-1: Ball
1-1: Foul Ball, location: 2F
1-2: Foul Ball, location: 2F
1-2: Ball
2-2: Foul Ball, location: 2F
2-2: Ball
3-2: Foul Ball, location: 2F
3-2: Strikes out swinging
Batting: RHB Jamie Mendes 0-0: Called Strike
0-1: Ball
1-1: Swinging Strike
1-2: Foul Ball, location: 2F
1-2: Strikes out swinging
Batting: RHB Noah Webb 0-0: Foul Ball, location: 2F
0-1: Swinging Strike
0-2: Foul Ball, location: 2F
0-2: Ball
1-2: Foul Ball, location: 2F
1-2: Strikes out looking
Top of the 7th over - 0 runs, 0 hits, 0 errors, 0 left on base; Hickory 2 - Augusta 2
BOTTOM OF THE 7TH
Augusta GreenJackets batting - Pitching for Hickory Crawdads : RHP Mack Lewis
Batting: LHB Steve Bracken 0-0: Ball
1-0: Called Strike
1-1: Ball
2-1: Ball
3-1: Fly out, F9 (Flyball, 9LD, EV 95.0 MPH)
Batting: LHB Crosby Cullum 0-0: Foul Ball, location: 2F
0-1: Called Strike
0-2: Foul Ball, location: 2F
0-2: Strikes out swinging
Batting: RHB Tony Tovar 0-0: Foul Ball, location: 2F
0-1: Swinging Strike
0-2: Strikes out swinging
Bottom of the 7th over - 0 runs, 0 hits, 0 errors, 0 left on base; Hickory 2 - Augusta 2
TOP OF THE 8TH
Hickory Crawdads batting - Pitching for Augusta GreenJackets : RHP Paul Mills
Pitching: LHP Mark Bailey
Batting: RHB Danny Mejia 0-0: Ball
1-0: Foul Ball, location: 2F
1-1: Fly out, F9 (Flyball, 9, EV 72.5 MPH)
Batting: RHB Chris Freund 0-0: Called Strike
0-1: Ball
1-1: Ball
2-1: Ball
3-1: Foul Ball, location: 2F
3-2: Strikes out swinging
Batting: RHB Nate Wagner 0-0: Swinging Strike
0-1: Foul Ball, location: 2F
0-2: Strikes out swinging, 2-3 out at first.
Top of the 8th over - 0 runs, 0 hits, 0 errors, 0 left on base; Hickory 2 - Augusta 2
BOTTOM OF THE 8TH
Augusta GreenJackets batting - Pitching for Hickory Crawdads : RHP Mack Lewis
Batting: RHB Curt Montez 0-0: Ball
1-0: Fly out, F9 (Flyball, 89M, EV 85.6 MPH)
Batting: RHB Ginjiro Nishimoto 0-0: SINGLE (Line Drive, 8LS, EV 93.1 MPH)
Batting: RHB Keith Lane 0-0: Ball
1-0: Foul Ball, location: 2F
1-1: SINGLE (Groundball, 34D, EV 103.1 MPH)
Ginjiro Nishimoto to second
Runner from 2nd tries for 3rd, SAFE, no throw by RF
Batting: LHB Huck Fitzgerald 0-0: Foul Ball, location: 2F
0-1: Foul Ball, location: 2F
0-2: Ball
1-2: Strikes out swinging
Batting: RHB Antoine Ailes 0-0: Foul Ball, location: 2F
0-1: Fly out, F8 (Flyball, 78M, EV 87.5 MPH)
Bottom of the 8th over - 0 runs, 2 hits, 0 errors, 2 left on base; Hickory 2 - Augusta 2
TOP OF THE 9TH
Hickory Crawdads batting - Pitching for Augusta GreenJackets : LHP Mark Bailey
Batting: RHB Bill Bauer 0-0: Ball
1-0: Ball
2-0: Called Strike
2-1: Swinging Strike
2-2: Ball
3-2: Ground out 4-3 (Groundball, 34, EV 79.4 MPH)
Batting: RHB Jerry Pollard 0-0: Ball
1-0: Foul Ball, location: 2F
1-1: Ground out 6-3 (Groundball, 6S, EV 83.8 MPH)
Batting: RHB Andres Ortiz 0-0: Ball
1-0: Fly out, F9 (Flyball, 89S, EV 96.9 MPH)
Top of the 9th over - 0 runs, 0 hits, 0 errors, 0 left on base; Hickory 2 - Augusta 2
BOTTOM OF THE 9TH
Augusta GreenJackets batting - Pitching for Hickory Crawdads : RHP Mack Lewis
Batting: RHB Jeff Luigs 0-0: Ball
1-0: Foul Ball, location: 2F
1-1: Swinging Strike
1-2: Strikes out swinging
Batting: LHB Steve Bracken 0-0: Foul Ball, location: 2F
0-1: Foul Ball, location: 2F
0-2: Strikes out swinging
Batting: LHB Crosby Cullum 0-0: Ball
1-0: Called Strike
1-1: Called Strike
1-2: Ball
2-2: Foul Ball, location: 2F
2-2: Strikes out looking
Bottom of the 9th over - 0 runs, 0 hits, 0 errors, 0 left on base; Hickory 2 - Augusta 2
TOP OF THE 10TH
Hickory Crawdads batting - Pitching for Augusta GreenJackets : LHP Mark Bailey
Pitching: RHP Bob Kempin
Batting: RHB Jose Villanueva 0-0: Called Strike
0-1: Ball
1-1: Swinging Strike
1-2: Ball
2-2: Ball
3-2: Ground out 4-3 (Groundball, 34, EV 100.0 MPH)
Batting: RHB Jamie Mendes 0-0: Ball
1-0: Ball
2-0: Foul Ball, location: 2F
2-1: Foul Ball, location: 2F
2-2: Foul Ball, location: 2F
2-2: Strikes out swinging
Pinch Hitting: LHB Angelo Alfonseca 0-0: Ball
1-0: Ball
2-0: Called Strike
2-1: Called Strike
2-2: Ball
3-2: Base on Balls
Pinch Hitting: LHB Eduardo Castro 0-0: Foul Ball, location: 2F
0-1: Called Strike
0-2: Ball
1-2: Strikes out looking
Top of the 10th over - 0 runs, 0 hits, 0 errors, 1 left on base; Hickory 2 - Augusta 2
BOTTOM OF THE 10TH
Augusta GreenJackets batting - Pitching for Hickory Crawdads : RHP Mack Lewis
Pitching: LHP Jase Hoff
Now at C: Ruben Stosic
Now in RF: Wilfredo Valdez
Batting: RHB Tony Tovar 0-0: SINGLE (Groundball, 56, EV 97.5 MPH)
Batting: RHB Curt Montez 0-0: Ball
1-0: Sac Bunt to 23 - play at first, batter OUT! 3-4
Tony Tovar to second
Batting: RHB Ginjiro Nishimoto 0-0: Called Strike
0-1: Fly out, F9 (Flyball, 9D, EV 93.1 MPH)
Runner from 2nd tags up, SAFE at 3rd, no throw by RF
Batting: RHB Keith Lane 0-0: Intentional Walk
Batting: LHB Huck Fitzgerald 0-0: Called Strike
0-1: SINGLE (Flyball, 3D, EV 89.4 MPH)
Tony Tovar scores
Bottom of the 10th over - 1 run, 2 hits, 0 errors, 0 left on base; Hickory 2 - Augusta 3
Game Over ... Augusta defeats Hickory, 3 to 2
Sunday, May 5th , 2024 - OOTP Baseball 24.11 Build 85